 Dungeon Crawl Stone Soup version 0.28.0 (webtiles) character file.

Game seed: 7324397227022118243

33 enile the Conjurer (level 3, 0/24 HPs)
             Began as an Octopode Conjurer on Feb 17, 2022.
             Slain by a goblin (6 damage)
             ... led by Robin
             ... on level 1 of the Dungeon.
             The game lasted 00:01:44 (1494 turns).

enile the Conjurer (Octopode Conjurer)              Turns: 1494, Time: 00:01:44

Health: 0/24       AC:  1    Str:  6    XL:     3   Next: 29%
Magic:  5/7        EV: 13    Int: 22    God:
Gold:   31         SH:  0    Dex: 10    Spells: 4/7 levels left

rFire   . . .      SeeInvis .   e - +0 spear
rCold   . . .      Faith    +   (no shield)
rNeg    . . .      Spirit   .   (helmet restricted)
rPois   .          Reflect  .   f - amulet of faith
rElec   .          Harm     .   (no ring)
rCorr   .          Rampage  .   (no ring)
Will    .....                   (no ring)
Stlth   +++.......              (no ring)
HPRegen 0.08/turn               (no ring)
MPRegen 0.10/turn               (no ring)
                                (no ring)
                                (no ring)

@: no status effects
A: almost no armour, amphibious, 8 rings, camouflage 1, gelatinous body 1,
(nimble swimmer 1), tentacles
a: no special abilities


You were on level 1 of the Dungeon.
You visited 1 branch of the dungeon, and saw 2 of its levels.

You collected 31 gold pieces.

Inventory:

Hand Weapons
 e - a +0 spear (weapon)
Jewellery
 f - an amulet of faith (around mantle)
Scrolls
 a - 2 scrolls of vulnerability {unknown}
 c - a scroll of immolation {unknown}
 d - a scroll of enchant weapon {unknown}
 i - a scroll of teleportation {unknown}
Potions
 b - a potion of degeneration {unknown}
 g - a potion of magic {unknown}
 h - a potion of might {unknown}


   Skills:
 - Level 2.0 Fighting
 - Level 2.0 Dodging
 - Level 2.6 Stealth
 + Level 2.7 Spellcasting
 - Level 4.0 Conjurations


You had 4 spell levels left.
You knew the following spells:

 Your Spells              Type           Power      Damage    Failure   Level
a - Magic Dart            Conj           80%        1d7       2%          1
b - Searing Ray           Conj           40%        2d5       3%          2

Your spell library contained the following spells:

 Spells                   Type           Power      Damage    Failure   Level
 Dazzling Flash           Conj/Hex       22%        N/A       17%         3
 Fulminant Prism          Conj/Hex       5%         3d7       50%         4
 Iskenderun's Mystic Bla  Conj/Tloc      11%        2d4       50%         4


Dungeon Overview and Level Annotations

Branches:
Dungeon (2/15)

Altars:

Shops:
D:1 (

Annotations:
D:2 Robin


Innate Abilities, Weirdness & Mutations

You cannot wear most types of armour.
You are amphibious.
You can wear up to eight rings at the same time.
Your skin changes colour to match your surroundings (Stealth+).
Your rubbery body absorbs attacks. (AC +1, EV +1)
((You are camouflaged when in or above water. (Stealth+)))
You have tentacles for arms and can constrict up to eight enemies at once.


Message History

Aiming: Searing Ray (safe; 3% risk of failure)
Press: ? - help, Shift-Dir - straight line, f - hobgoblin
Aim: a hobgoblin (78% to hit)
The searing ray hits the hobgoblin.
You kill the hobgoblin! (Press . to maintain the ray.)
The searing ray hits the hobgoblin!
You kill the hobgoblin!
You start resting.
Magic restored.
You start resting.
HP restored.
You start waiting.
Done waiting.
(D) Dungeon
Where to? (Enter - D:2, ? - help)
You see here a +0 dagger.
There is a stone staircase leading down here.
You climb downwards.
Level annotation: Robin Robin roars a battlecry!
The goblins go into a battle-frenzy!
The goblin hits you with a +0 club!
There is a stone staircase leading up, spattered with blood here.
The goblin barely misses you. The goblin hits you with a +0 club.
Robin says, "My goblins will feast on your bones."
The hobgoblin hits you.
* * * LOW HITPOINT WARNING * * *
You climb upwards.
There is a stone staircase leading down here.
Casting: Searing Ray (safe; 3% risk of failure)
Confirm with . or Enter, or press ? or * to list all spells.
Aiming: Searing Ray (safe; 3% risk of failure)
Press: ? - help, Shift-Dir - straight line, f - goblin
Aim: a goblin, wielding a +0 club (strong, 72% to hit)
The searing ray hits the goblin.
You kill the goblin! (Press . to maintain the ray.)
The goblin hits you with a +0 club.
You die...

#.......(..###.##≈##...
#######..............##≈≈##≈≈
#.............[...#####.≈..≈.
#...†.............#####.≈≈.≈.
#........................≈≈).
#.......####..............≈#.
######### #)#+#.............
#)#..............#
#@g...............
#g####............ #)#
#...........#
#.####...........#
#.#..............#
#####'#...##########..
#.........^...........
#..........#########≈≈
#..........# #≈≈≈


You could see a hobgoblin (strong) and a goblin (strong).

Vanquished Creatures
  2 ball pythons (D:1)
  3 bats (D:1)
  An endoplasm (D:1)
  2 giant cockroaches (D:1)
  9 goblins
  2 hobgoblins (D:1)
  3 quokkas (D:1)
  2 frilled lizards (D:1)
  A kobold (D:1)
  3 rats (D:1)
28 creatures vanquished.

Notes
Turn   | Place    | Note
-------+----------+-------------------------------------------
     0 | D:1      | enile the Octopode Conjurer began the quest for the Orb.
     0 | D:1      | Reached XP level 1. HP: 11/11 MP: 3/3
    55 | D:1      | Reached skill level 1 in Fighting
   108 | D:1      | Found Gaghy's Antique Weapon Shop.
   136 | D:1      | Reached XP level 2. HP: 18/18 MP: 3/5
   790 | D:1      | Learned a level 2 spell: Searing Ray
   815 | D:2      | Noticed Robin
   817 | D:2      | Reached XP level 3. HP: 24/24 MP: 2/6
  1494 | D:1      | Slain by a goblin

Illustrated notes

Levels and vault maps discovered:
D:1:      mrwooster_arrival_statue_2, layout_basic, serial_shops,
          nicolae_shop_waterfront, serial_rivers,
          chequers_serial_rivers_small_b, chequers_serial_rivers_micro_e,
          chequers_serial_rivers_room_a, chequers_serial_rivers_large_a
D:2:      layout_basic, serial_shops, nicolae_lakefront_shop,
          nicolae_shop_waterfront, shop, shop, chequers_ecumenical_altar_grove,
          uniq_robin

Skill      XL: |  1  2 |
---------------+-------+-----
Fighting       | 1 2 |  2.0
Dodging        | |  2.0
Stealth        | |  2.6
Spellcasting   | |  2.7
Conjurations   | |  4.0

Action                   || total
-------------------------++-------
Melee: Unarmed           ||     3
       Spear             ||     4
       Constrict         ||     1
 Cast: Magic Dart        ||    31
       Searing Ray       ||     4
Armor: Skin              ||     3
Dodge: Dodged            ||    18
